 Dungeon Crawl Stone Soup version 0.29-a0-206-g4a66f2e2b5 (webtiles) character file.

Game seed: 16143368112201978657

1 esteth the Sneak (level 1, 0/14 HPs)
             Began as an Octopode Brigand on Feb 23, 2022.
             Constricted to death by a ball python (1 damage)
             ... on level 1 of the Dungeon.
             The game lasted 00:00:25 (87 turns).

esteth the Sneak (Octopode Brigand)                   Turns: 87, Time: 00:00:25

Health: 0/14       AC:  1    Str: 10    XL:     1   Next: 20%
Magic:  1/1        EV:  9    Int: 13    God:
Gold:   9          SH:  0    Dex: 13    Spells: 0/0 levels left

rFire   . . .      SeeInvis .   a - +2 dagger
rCold   . . .      Faith    .   (no shield)
rNeg    . . .      Spirit   .   (helmet restricted)
rPois   .          Reflect  .   (no amulet)
rElec   .          Harm     .   (no ring)
rCorr   .          Rampage  .   (no ring)
Will    .....                   (no ring)
Stlth   ++++......              (no ring)
HPRegen 0.04/turn               (no ring)
MPRegen 0.07/turn               (no ring)
                                (no ring)
                                (no ring)

@: constricted
A: almost no armour, amphibious, 8 rings, camouflage 1, gelatinous body 1,
(nimble swimmer 1), tentacles
a: no special abilities


You were on level 1 of the Dungeon.
You visited 1 branch of the dungeon, and saw 1 of its levels.

You collected 9 gold pieces.


Innate Abilities, Weirdness & Mutations

You cannot wear most types of armour.
You are amphibious.
You can wear up to eight rings at the same time.
Your skin changes colour to match your surroundings (Stealth+).
Your rubbery body absorbs attacks. (AC +1, EV +1)
((You are camouflaged when in or above water. (Stealth+)))
You have tentacles for arms and can constrict up to eight enemies at once.


   Skills:
 + Level 2.0 Fighting
 + Level 2.0 Short Blades
 + Level 2.0 Throwing
 + Level 1.0 Dodging
 + Level 5.3 Stealth


You couldn't memorise any spells.
You didn't know any spells.
Your spell library was empty.

Inventory:

Hand Weapons
 a - a +2 dagger (weapon)
Missiles
 b - 8 poisoned darts (quivered)
 c - 2 curare-tipped darts {=f}

Dungeon Overview and Level Annotations

Branches:
Dungeon (1/15)

Altars:

##### ###.... ..##
..[.). .... .. #....
... ... ######## .>B
..#... .......# #S###
..#.# .......#
#.@.##....# .......#
###..#...# ####...#
##.[...# P..#...#
##...## ...#...###
####...# ...#...'.#
#.....[#
########)#######......#
#..............#
####.#########....


You could see a giant cockroach and a ball python.


Message History

🤖 Initializing magus.rc ...
Options error: Bad monster_list_colour key: strict_neutral (~/.crawlrc:5438) ✅ Successfully initialized magus.rc [v1.11.3] Welcome, esteth the Octopode Brigand.
Will you prevail where others failed? Will you find the Orb of Zot?
Press ? for a list of commands and other information.
Found an escape hatch in the floor.
Found a staircase leading out of the dungeon.
Unknown command.
Unknown command.
Unknown command.
Unknown command.
Unknown command.
Unknown command.
Unknown command.
Unknown command.
You open the door.
There is an open door here.
You now have 4 gold pieces.
You open the door.
There is an open door here.
There is an open door here.
There is an open door here.
You open the door.
A kobold comes into view. It is wielding a +0 dagger.
There is an open door here.
You hit the kobold.
You kill the kobold!
You see here a +0 dagger.
You now have 9 gold pieces (gained 5).
A ball python comes into view.
Found a stone staircase leading down.
You see here a +0 cloak.
A giant cockroach comes into view.
The ball python hisses angrily.
You hear a shout!
A kobold comes into view. It is wielding a +0 short sword.
The ball python barely misses you. The ball python closely misses you. x2
The ball python grabs you.
The ball python constricts you. 😕 HP[-1]
You take 1 damage, and now have 13/14 hp.
The ball python barely misses you.
The ball python constricts you. 😕 HP[-1]
You take 1 damage, and now have 12/14 hp.
The ball python bites you.
The ball python constricts you. 😮 HP[-4]
You take 4 damage, and now have 8/14 hp.
MASSIVE DAMAGE!! (PAUSE)
The ball python bites you.
* * * LOW HITPOINT WARNING * * *
The ball python constricts you. 😨 HP[-2]
You take 2 damage, and now have 6/14 hp.
The ball python barely misses you. The ball python constricts you.
* * * LOW HITPOINT WARNING * * *
😨 HP[-1]
You take 1 damage, and now have 5/14 hp.
The ball python barely misses you. The ball python constricts you.
* * * LOW HITPOINT WARNING * * *
The ball python misses you.
The ball python constricts you. 😨 HP[-1]
You take 1 damage, and now have 4/14 hp.
Unknown command.
The ball python bites you.
* * * LOW HITPOINT WARNING * * *
The ball python constricts you.
You die...

Action                   || total
-------------------------++-------
Melee: Dagger            ||     1
Dodge: Dodged            ||     7

Levels and vault maps discovered:
D:1:      minmay_arrival_floating_metal, layout_rooms, serial_aquarium,
          aquarium_bridge_square [aquarium_subvault_bridge,
          aquarium_subvault_bridge, aquarium_subvault_wall,
          aquarium_subvault_window], aquarium_bridge_square
          [aquarium_subvault_window, aquarium_subvault_window,
          aquarium_subvault_bridge, aquarium_subvault_wall], aquarium_window_2,
          aquarium_window_fake, aquarium_window_corner, aquarium_window_1,
          aquarium_view_2b, aquarium_view_2c, aquarium_balcony_1a,
          aquarium_pool_S, shapermc_ecumenical_altar_mp_highgroup, serial_shops,
          shop

Notes
Turn   | Place    | Note
-------+----------+-------------------------------------------
     0 | D:1      | esteth the Octopode Brigand began the quest for the Orb.
     0 | D:1      | Reached XP level 1. HP: 14/14 MP: 1/1
     0 | D:1      | magus.rc [v1.11.3]
    87 | D:1      | HP: 1/14 [ball python (3)]
    87 | D:1      | Constricted to death by a ball python

Vanquished Creatures
  A kobold (D:1)
1 creature vanquished.

Table legend:
 A = Non-vault XP
 B = Vault XP
 C = Vault XP percentage of total XP
 D = Non-vault monster count
 E = Vault monster count
 F = Vault count percentage of total count
                 A         B        C        D         E       F
            +---------+---------+-------+---------+---------+-------
      Total |       2 |       0 |   0.0 |       1 |       0 |   0.0
            +---------+---------+-------+---------+---------+-------
        D:1 |       2 |       0 |   0.0 |       1 |       0 |   0.0
            +---------+---------+-------+---------+---------+-------

Illustrated notes

Table legend:
 A = Kills in this place as a percentage of kills in entire the game.
 B = Kills by you in this place as a percentage of kills by you in the entire game.
 C = Kills by friends in this place as a percentage of kills by friends in the entire game.
 D = Other kills in this place as a percentage of other kills in the entire game.
 E = Experience gained in this place as a percentage of experience gained in the entire game.
 F = Experience gained in this place divided by the number of levels of this place that you have seen.
                   A       B       C       D       E      F
               +-------+-------+-------+-------+-------+----------------------
         Total | 100.0 | 100.0 |   N/A |   N/A | 100.0 |   2.0
       Dungeon | 100.0 | 100.0 |   N/A |   N/A | 100.0 |   2.0
               +-------+-------+-------+-------+-------+----------------------

Table legend: (Time is in decaauts)
 A = Elapsed time spent in this place.
 B = Non-inter-level travel time spent in this place.
 C = Inter-level travel time spent in this place.
 D = Time resting spent in this place.
 E = Time spent auto-exploring this place.
 F = Levels seen in this place.
 G = Mean time per level.
                   A        B        C        D        E       F      G
               +--------+--------+--------+--------+--------+-----+--------+
         Total |     86 |     86 |      0 |      0 |     40 |   1 |   86.0 |
       Dungeon |     86 |     86 |      0 |      0 |     40 |   1 |   86.0 |
               +--------+--------+--------+--------+--------+-----+--------+

Top non-repeatable levels by time:
     D:1: 86 daAuts
